Cogmind - Beta 13 @@@ ROGUE MODE // 2024.04.01 @ 21:48:39 Player: Lum4r Result: Destroyed by S-10 Pest with Light Assault Rifle Performance ------------- Evolutions (1) 500 Regions Visited (2) 400 Robots Destroyed (29) 145 Value Destroyed (729) 729 Prototype IDs (2) 40 Alien Tech Used (0) 0 Bonus (27) 27 TOTAL SCORE: 1841 Bonus ------- High Alert Combat Kills 27 Cogmind --------- Core Integrity 0/400 Matter 116/300 Energy 99/100 System Corruption 0% Temperature Cool (0) Movement Core (50) Location -9/Materials Parts ------- > --- POWER (1) -------- (None) > --- PROPULSION (2) --- (None) > --- UTILITY (3) ------ Signal Interpreter Targeting Computer > --- WEAPON (3) ------- Improved Assault Rifle > --- INVENTORY (5) ---- High-powered Tractor Beam Peak State ------------ > --- POWER ------------ Nuclear Core > --- PROPULSION ------- Aluminum Leg Aluminum Leg > --- UTILITY ---------- Large Matter Pod Signal Interpreter Targeting Computer > --- WEAPON ----------- EM Pulse Gun Improved Assault Rifle Grenade Launcher > --- INVENTORY -------- High-powered Tractor Beam [Rating: 13] Favorites ----------- Power Nuclear Core Engine Ion Engine Power Core Nuclear Core Propulsion Compact Wheel Leg Aluminum Leg Wheel Compact Wheel Utility Large Matter Pod Device Sensor Array Storage Large Matter Pod Processor Signal Interpreter Protection Core Shielding Weapon Grenade Launcher Energy Gun EM Pulse Gun Ballistic Gun Autogun Launcher Grenade Launcher Build | -11 -10 -9 ------- Run | Yrd Mat Mat Slots Evolved 2 | . . 2 Power . | . . . Propulsion . | . . . Utility 1 | . . 1 Weapon 1 | . . 1 Parts Attached 27 | 7 4 16 Power 5 | 2 . 3 Engine 3 | 2 . 1 Core 2 | . . 2 Reactor . | . . . Propulsion 4 | 2 . 2 Treads . | . . . Leg 2 | . . 2 Wheel 2 | 2 . . Hover . | . . . Flight . | . . . Utility 7 | 1 2 4 Device 1 | . . 1 Storage 3 | 1 1 1 Processor 2 | . . 2 Hackware . | . . . Protection 1 | . 1 . Artifact . | . . . Weapon 11 | 2 2 7 Energy Gun 2 | 1 . 1 Energy Cannon . | . . . Ballistic Gun 3 | 1 . 2 Ballistic Cannon . | . . . Launcher 6 | . 2 4 Special Weapon . | . . . Impact Weapon . | . . . Slashing Weapon . | . . . Piercing Weapon . | . . . Special Melee Weapon . | . . . Unidentified Prototypes 2 | . . 2 Parts Lost 15 | . . 15 Power 2 | . . 2 Propulsion 4 | . . 4 Utility 3 | . . 3 Weapon 6 | . . 6 Highest Loss Streak 5 | . . 5 To Critical Strikes 1 | . . 1 Average Slot Usage (%) 70 | . 89 65 Engine 4 | . 14 2 Core 5 | . . 6 Leg 2 | . . 2 Wheel 14 | . 28 10 Device 1 | . . 2 Storage 12 | . 13 12 Processor 1 | . . 1 Protection 7 | . 6 7 Energy Gun 3 | . 2 3 Ballistic Gun 2 | . 2 2 Launcher 16 | . 22 14 Naked Turns . | . . . Heaviest Build 30 | 14 22 30 Greatest Support 32 | 32 32 32 Greatest Overweight (x) 5 | . . 5 Average Overweight (x) . | . . . Largest Inventory Capacity 10 | 8 10 10 Average Capacity 6 | 6 8 6 Most Carried 8 | 1 7 8 Average Carried 4 | . 5 4 Final Capacity 10 | 8 10 5 Final Carried 7 | 1 7 1 Class Distribution -------------------- 67% | Mutant 20% | Bomber 11% | Skirmisher Dominant Class ---------------- Mutant | -10/Materials Mutant | -9/Materials Resources | -11 -10 -9 ----------- Run | Yrd Mat Mat Matter Collected 727 | 270 32 425 Remotely . | . . . Salvage Created 748 | . 187 561 Parts 57 | . 14 43 Haulers Intercepted 1 | . . 1 Recyclers Shooed 1 | . . 1 Parts Field Recycled . | . . . Retrieved Matter . | . . . Parts Self-Destructed . | . . . Prevented . | . . . Kills | -11 -10 -9 ------- Run | Yrd Mat Mat Combat Hostiles Destroyed 18 | . 5 13 Guns 4 | . . 4 AOE 14 | . 5 9 Classes Destroyed 9 | . 3 6 Worker 1 | . . 1 Builder 2 | . . 2 Hauler 1 | . . 1 Recycler 3 | . 1 2 Watcher 4 | . 1 3 Swarmer 4 | . . 4 Grunt 11 | . 5 6 Duelist 1 | . . 1 Sentry 2 | . . 2 Best Kill Streak 9 | . 6 9 Combat Bots Only 6 | . 4 6 Max Kills in Single Turn 5 | . 2 5 Gunslinging . | . . . Exploded 4 | . 1 4 Melee . | . . . Uniques/NPCs Destroyed . | . . . Combat | -11 -10 -9 -------- Run | Yrd Mat Mat Hostile Shots Fired 160 | . 10 150 Missed 48 | . 4 44 Damage Taken 1667 | . 124 1543 Core 430 | . 23 407 Absorbed by Shields . | . . . Redirected to Shielding 51 | . 2 49 Core Remaining (%) 95 | 100 90 . Volleys Fired 66 | . 7 59 Largest 3 | . 2 3 Hottest 93 | . 60 93 Shots Fired 88 | . 14 74 Gun 44 | . . 44 Cannon . | . . . Launcher 44 | . 14 30 Special . | . . . Kinetic 23 | . . 23 Thermal . | . . . Explosive 44 | . 14 30 Electromagnetic 21 | . . 21 Robot Hit Streak 13 | . 3 13 Robot Miss Streak 2 | . 2 2 Penetration Max . | . . . Secondary Targets . | . . . Shots Hit Robots 56 | . 8 48 Core Hits 52 | . 12 40 Critical Kills . | . . . Critical Parts Destroyed . | . . . Critical Strikes 1 | . . 1 Corrupt 1 | . . 1 Melee Attacks . | . . . Impact . | . . . Slashing . | . . . Piercing . | . . . Sneak Attacks . | . . . Combat Hostiles . | . . . Follow-up Attacks . | . . . Damage Inflicted 2073 | . 534 1539 Guns 491 | . . 491 Cannons . | . . . Explosions 1575 | . 534 1041 Melee . | . . . Ramming 7 | . . 7 Kinetic 302 | . . 302 Thermal . | . . . Explosive 1575 | . 534 1041 Electromagnetic 189 | . . 189 Impact . | . . . Slashing . | . . . Piercing . | . . . Highest Corruption . | . . . Average Corruption . | . . . Corruption Purged . | . . . Corruption Blocked . | . . . Overload Shots . | . . . Overflow Damage 5 | . . 5 Projectiles . | . . . Explosions 5 | . . 5 Melee . | . . . Knockbacks . | . . . Impact . | . . . Kinetic . | . . . Secondary . | . . . Self-Inflicted Damage 150 | . 54 96 Shots 5 | . 1 4 Rammed 1 | . . 1 Targets Rammed 1 | . . 1 Kicked . | . . . Crushed . | . . . Highest Temperature 43 | . 18 43 Average Temperature 17 | . 12 18 Received Heat Transfer 423 | . 39 384 Siege Activations . | . . . Robots Corrupted . | . . . Combat Hostiles . | . . . Parts Fried . | . . . Impact Corruptions . | . . . Robots Melted . | . . . Combat Hostiles . | . . . Parts Melted . | . . . Heat Transferred . | . . . Parts Sabotaged . | . . . Parts Stolen . | . . . Parts Stripped . | . . . Power Chain Reactions . | . . . Alert | -11 -10 -9 ------- Run | Yrd Mat Mat Peak Influence 596 | . 310 596 Initial 130 | . . 130 Average 269 | . 83 343 Maximum Alert Level 2 | . 1 2 Low Security (%) 32 | 100 82 13 Level 1 48 | . 17 60 Level 2 18 | . . 25 Level 3 . | . . . Level 4 . | . . . Level 5 . | . . . High Security . | . . . Max Security . | . . . Squads Dispatched 4 | . 1 3 Investigation 1 | . . 1 Extermination . | . . . Reinforcement 3 | . 1 2 Assault . | . . . Garrison . | . . . Intercept . | . . . Searches Triggered . | . . . Construction Impeded . | . . . Haulers Reinforced . | . . . Active Scanning Responses . | . . . Cargo Convoy Interrupts . | . . . Stealth | -11 -10 -9 --------- Run | Yrd Mat Mat Distress Signals 1 | . . 1 Communications Jammed . | . . . Distress Signals . | . . . Times Spotted 30 | . 7 23 Peak Tracking Total 6 | . 4 6 Tactical Retreats . | . . . Traps | -11 -10 -9 ------- Run | Yrd Mat Mat Traps Triggered . | . . . Indirectly . | . . . Trap Hack Attempts . | . . . Triggered . | . . . Disarmed . | . . . Reprogrammed . | . . . Reused . | . . . Traps Extracted . | . . . Installed . | . . . Triggered . | . . . Machines | -11 -10 -9 ---------- Run | Yrd Mat Mat Machines Disabled 7 | . 4 3 Max in Single Turn 1 | . 1 1 Machines Repaired . | . . . Machines Dismantled . | . . . Machines Sabotaged . | . . . Overloaded Fab Kills . | . . . Hacking | -11 -10 -9 --------- Run | Yrd Mat Mat Machines Accessed 3 | . . 3 Terminals 3 | . . 3 Fabricators . | . . . Repair Stations . | . . . Recycling Units . | . . . Scanalyzers . | . . . Garrison Access . | . . . Total Hacks 14 | . . 14 Successful 11 | . . 11 Failed 3 | . . 3 Catastrophic 1 | . . 1 Database Lockouts . | . . . Manual . | . . . Terminals 14 | . . 14 Fabricators . | . . . Repair Stations . | . . . Recycling Units . | . . . Scanalyzers . | . . . Garrison Access . | . . . Terminal Hacks 11 | . . 11 Record 11 | . . 11 Fabricator Hacks . | . . . Repair Station Hacks . | . . . Recycling Unit Hacks . | . . . Scanalyzer . | . . . Garrison Access Hacks . | . . . Unauthorized Hacks . | . . . Terminals . | . . . Fabricators . | . . . Repair Stations . | . . . Recycling Units . | . . . Scanalyzers . | . . . Garrison Access . | . . . Data Cores Recovered . | . . . Used . | . . . Hacking Detections 3 | . . 3 Full Trace Events 2 | . . 2 Feedback Events . | . . . Feedback Blocked . | . . . Robot Schematics Acquired . | . . . Robots Built . | . . . Authchips . | . . . Time . | . . . Total Robot Build Rating . | . . . Part Schematics Acquired . | . . . Parts Built . | . . . Authchips . | . . . Time . | . . . Total Part Build Rating . | . . . Parts Repaired . | . . . Time . | . . . Parts Recycled . | . . . Recycled Matter . | . . . Retrieved Matter . | . . . Retrieved Components . | . . . Parts Scanalyzed . | . . . Part Schematics Acquired . | . . . Parts Damaged . | . . . Bothacking | -11 -10 -9 ------------ Run | Yrd Mat Mat Used RIF Installer . | . . . Robots Hacked . | . . . Non-combat . | . . . Combat . | . . . Robot Hacks Applied . | . . . Relay Couplers Released . | . . . Fabnet Peak Effective % . | . . . Robots Rewired . | . . . Allies Hacked . | . . . Hacks Repelled . | . . . Allies | -11 -10 -9 -------- Run | Yrd Mat Mat Total Allies . | . . . Largest Group . | . . . Highest-Rated Group . | . . . Highest-Rated Ally . | . . . Total Orders . | . . . Ally Attacks . | . . . Total Damage . | . . . Kills . | . . . Allies Corrupted . | . . . Allies Melted . | . . . Intel | -11 -10 -9 ------- Run | Yrd Mat Mat Robot Analysis Total . | . . . Derelict Logs Recovered . | . . . Drone Launches . | . . . Drone Recoveries . | . . . Exploration | -11 -10 -9 ------------- Run | Yrd Mat Mat Turns Passed 1296 | 61 285 950 Spaces Moved 835 | 49 249 537 Core 198 | 1 . 197 Treads . | . . . Legs 77 | . . 77 Wheels 560 | 48 249 263 Hover . | . . . Flight . | . . . Fastest Speed 50 | 50 100 50 Average Speed 120 | 98 100 131 Slowest Speed 300 | 100 100 300 Overloaded Moves . | . . . Propulsion Burnouts . | . . . Robots Hopped . | . . . Cave-ins Triggered . | . . . Exploration Rate (%) 25 | 4 30 42 Regions Visited 2 Branch Regions . Pre-discovered Areas . | . . . Known Exits Taken . | . . . Unknown Exits Taken 2 | 1 1 . Scrap Searched . | . . . Spaces Dug 11 | . . 11 Terrain Destroyed 307 | . 119 188 Melee . | . . . Projectile . | . . . AOE 307 | . 119 188 Terrain Rammed . | . . . Walls Destroyed . | . . . Machines Disabled . | . . . Actions | -11 -10 -9 --------- Run | Yrd Mat Mat Total 1045 | 58 271 716 Wait 85 | 2 1 82 Move 833 | 48 248 537 Hop . | . . . Pick Up 15 | . 6 9 Fast Attach 18 | 7 4 7 Attach 9 | . . 9 Detach 5 | 1 2 2 Swap . | . . . Drop 13 | . 3 10 Fire 66 | . 7 59 Melee . | . . . Ram 1 | . . 1 Kick . | . . . Crush . | . . . Escape Stasis . | . . . Rewire . | . . . Trap . | . . . Miscellaneous . | . . . Route ------- -11/Scrapyard -10/Materials -9/Materials History --------- Turn | Location | Event 2 | -11/Scrapyard | Met Revision 17 29 | -11/Scrapyard | Discovered new exit (range 16) 62 | -11/Scrapyard | Entered Materials 310 | -10/Materials | Build established: Mutant 340 | -10/Materials | Discovered new exit (range 6) 347 | -10/Materials | Entered another Materials area 347 | -9/Materials | Evolved 2 slots: Utility x1, Weapon x1 757 | -9/Materials | Lost 4 parts (1n3w) 836 | -9/Materials | Lost 3 parts (1p1u1w) 845 | -9/Materials | Core integrity fell below 50% 1285 | -9/Materials | Core integrity fell below 20% 1297 | -9/Materials | Destroyed by S-10 Pest with Light Assault Rifle Last Messages --------------- R-06 Scavenger collects Hover Unit. K-01 Serf collects debris. O-16 Technician sends out distress signal. O-16 Technician: "IFF HANDSHAKE FAILED. SECURING TERMINAL." G-34 Mercenary destroyed. K-01 Serf collects debris. EM Pulse Gun destroyed. Lrg. Matter Pod destroyed. K-01 Serf collects debris. U-05 Engineer lays Concrete. ALERT: Hostiles spotted, dispatching reinforcements to Terminal M006. U-05 Engineer lays Concrete. Nuclear Core destroyed. Grenade Launcher severed. Aluminum Leg destroyed. R-06 Scavenger collects Lgt. Ion Engine. L-31 Rogue destroyed. R-06 Scavenger collects Grenade Launcher. Map ----- +----------------------------------------------------+ | ?????????????????????????????????????????????????? | | ?????????????????????????????????????????????????? | | ?????????????????????????????????????????????????? | | ?????????????????????????????????????????????????? | | ?????????????????????????????????????????????????? | | ?????????????????????????????????????????????????? | | ?????????????????????????????????????????????????? | | ?????????????????????????????????????????????????? | | ?????????????????????????????????????????????????? | | ??????????????????????????? ???????????????????? | | ??????????????????????????# ???????????????????? | | ??????????????????????????# ???????????????????? | | ??????????????????????????# #??????????????????? | | ??????????????????????????# #??????????????????? | | ??????????????????????????# #??????????????????? | | ??????????????????????????# = ##?????????????????? | | ??????????????????????????#=% #????########?????? | | ?????????????????????????? #????# #?????? | | ?????????????????????????? #????# #?????? | | ????????????????????#?????# ?????# """ #?????? | | ????????????????????# ???? #?????# """ #?????? | | ????????????????????# ???# #?????# """ #?????? | | ????????????????????? ??# #??????? ??????? | | ???????????????????##+#u### s ##########+####????? | | ???????????????????# r s u #????? | | ???????????????????+ @s ###### | | ???????????????????# !%m # | | ???????????????????### #####+############ # | | ?????????????????????#????"" """????????# # "T" | | ?????????????????????????""" """ ???????# # | | ?????????????????????????""" """ ######## ###### | | ???????????????????????? # | | ????????????????????????? # | | ????????????????????????? # | | ?????????????????????????? ? # #####+###### | | ?????????????????????????? ? # ## | | ??????????????????????????####??## # """ ## | | ????????????????????????????????## # """"" ## | | ?????????????????????????#####??## ! # """"" ## | | ????????????????????????? ?## ## """"" ## | | ???????????????????????? """ ?## # """ ## | | ???????????????????????? """ # # ## | | ???????????????????????# """ # # ## | | ???????????????????????# + # # | | ???????????????????????# ""# #########[# | | ???????????????????????# Y"# #???????###[ | | ???????????????????????# "?### #???????# # | | ???????????????????????# ???# #???????# # | | ???????????????????????############ #???????### | | ???????????????????????????# # #?????????# | +----------------------------------------------------+ Best States ------------- Heat Dissipation 28 Energy Generation 14 Energy Capacity 280 Matter Stores 300 Matter Capacity 450 Sight Range 16 Robot Scan Range 14 Terrain Scan Density 10 Core Shielding 20 Evasion (%) 55 Targeting Accuracy 5 Item Schematics ----------------- None Robot Schematics ------------------ None Fabricated ------------ Nothing Alien Tech Used ----------------- None Achievements -------------- Librarian Challenges ------------ None Game ------ Seed CobblerActiveGravjet Manual? 0 Play Time 00:20:33 Cumulative 4.1 hours Start 2024.04.01 @ 21:29:24 End 2024.04.01 @ 21:48:39 Sessions 1 Manual Loads 0 Difficulty Rogue Special Mode None Game No. 5 Rogue 5 Adventurer 0 Explorer 0 Win Type - Total 0 Types 0/0/0/0/0/0/0/0/0 Lore% 2 Gallery% 11 Achievement% 9 Wizard Run 0 Options --------- Layout 1 ASCII 0 Keyboard 1 Movement Numpad Keybinds 0 Fullscreen 1 Font 32/SmallcapsGlow Map View 50x35 Zoom Use 0% Tactical HUD 0 Map Filters NONE Filters NONE Steam 1 RUN: 978c0e11-bbe6-4518-8731-9fc57235d5c1